 Dungeon Crawl Stone Soup version 0.32-a0-656-g3542139ebd (webtiles) character file.

Game seed: 10151581855731817217

277 kae the Slasher (level 6, 0/66 HPs)
             Began as a Coglin Gladiator on Mar 8, 2024.
             Slain by Blork the orc
             ... wielding a +0 halberd
              (2 damage)
             ... on level 4 of the Dungeon.
             The game lasted 00:01:20 (2196 turns).

kae the Slasher (Coglin Gladiator)                  Turns: 2196, Time: 00:01:20

Health: 0/66       AC: 23    Str: 14    XL:     6   Next: 25%
Magic:  6/6        EV:  2    Int:  7    God:
Gold:   33         SH:  0    Dex: 18    Spells: 5/5 levels left

rFire   . . .        a - +1 long sword {Artakama}
rCold   . . .        f - +0 dagger {Lucía}
rNeg    . . .        b - melded +0 leather armour
rPois   +            n - melded +1 hat
rElec   .            (cloak currently unavailable)
rCorr   .            (gloves currently unavailable)
SInv    .            (boots currently unavailable)
Will    .....        (no amulet)
Stlth   ++           (no ring)
HPRegen 0.31/turn    (no ring)
MPRegen 0.10/turn    (no gizmo)

%: no passive effects
@: tree-form, revved
A: stationary, stasis, torment immunity, boosted hp, off-hand wielding, slow
wielding, warmup strikes, (no jewellery)
a: Invent Gizmo


You were on level 4 of the Dungeon.
You were a tree.
You visited 1 branch of the dungeon, and saw 4 of its levels.

You collected 33 gold pieces.


Innate Abilities, Weirdness & Mutations

You are a tree.
Your roots penetrate the ground, keeping you stationary.
You cannot be teleported.
You are immune to unholy pain and torment.
Your maximum health is greatly increased.
Your equipment is partially melded.
You can wield a second weapon in your off-hand.
It takes a long time for you to wield or remove held weapons.
Your first few attacks do less damage.
((You cannot equip rings or amulets.))


   Skills:
 - Level 2.0 Fighting
 + Level 6.8 Long Blades
 - Level 1.7 Throwing
 - Level 2.6 Dodging


You had 5 spell levels left.
You didn't know any spells.
Your spell library was empty.

Inventory:

Hand Weapons
 a - a +1 long sword (weapon) {Artakama}
 f - a +0 dagger (offhand) {Lucía}
Missiles
 d - 3 throwing nets (quivered) {=f!f}
 e - a javelin
 g - 5 boomerangs
 i - 16 stones
Armour
 b - a +0 leather armour (melded)
 n - a +1 hat (melded)
   (You found it on level 1 of the Dungeon)
Jewellery
 N - a ring of positive energy
   (You found it on level 2 of the Dungeon)
Scrolls
 m - a scroll of noise {!r}
 q - a scroll of blinking {!r}
Potions
 c - 2 potions of enlightenment {unknown}
 h - a potion of degeneration {unknown}
 k - 2 potions of curing {unknown}
 p - a potion of brilliance

Dungeon Overview and Level Annotations

Branches:
Dungeon (4/15) Zot: 21791
 Temple: D:4-7

Altars:

Shops:
D:4 *

Annotations:
D:4 Blork the orc

. #.### #..<# #
.# ###.# . .# #.#
#.#####.### #.#
..###.#...#...#
#.#
#......o♣.#.#..##
..#
#.####.#.#...#..#
...
#.#.....#..∩..#
###
#.#.##...#...#..#
#.#....#..#.#...#
#.#....#...#....#
#.#†#..#<#.#.##.#
#.#......#.#.# .#
#.#.######.... #


You could see Blork the orc (fast).


Message History

It was a potion of might.
You feel very mighty all of a sudden.
You hit the ogre with your +0 dagger.
You slash the ogre with your +1 long sword!
The ogre hits you with a +0 giant spiked club! 😮 HP[-11]
You take 11 damage, and now have 27/38 hp.
MASSIVE DAMAGE!! (PAUSE)
You slash the ogre with your +1 long sword!
You puncture the ogre with your +0 dagger!
You kill the ogre!
You have reached level 6! 😮 HP[+4] MP[+1]
You now have 44 max hp (+6).
You regained 4 hp, and now have 31/44 hp.
Your mp is fully restored (6).
You see here a +0 giant spiked club. 😮 HP[+1]
You now have 33 gold pieces (gained 11).
You feel a little less mighty now.
An iguana comes into view.
An iguana is nearby! 😎 HP[+12]
Your hp is fully restored (44).
An iguana is nearby!
Found a stone staircase leading up.
An iguana is nearby!
The iguana barely misses you.
You hit the iguana but do no damage.
You slash the iguana with your +1 long sword!
You hit the iguana with your +1 long sword.
You hit the iguana with your +0 dagger. The iguana bites you.
You hit the iguana but do no damage.
You barely miss the iguana with your +1 long sword.
The iguana bites you. 😕 HP[-4]
You take 4 damage, and now have 40/44 hp.
An iguana is nearby!
You hit the iguana with your +1 long sword.
You kill the iguana!
No target in view!
Found Mybapoekk's Assorted Antiques. 😎 HP[+4]
Your hp is fully restored (44).
No target in view!
No target in view!
There is a stone staircase leading up here.
Blork the orc comes into view.
He is wielding a +0 halberd.
Blork the orc shouts!
Blork the orc points at you and mumbles some strange words.
The puff of flame hits you. 😕 HP[-4]
You take 4 damage, and now have 40/44 hp.
Blork the orc points at you and mumbles some strange words.
The magic dart hits you. 😕 HP[-5]
You take 5 damage, and now have 35/44 hp.
Blork the orc hits you with a +0 halberd.
You hit Blork the orc with your +0 dagger.
You closely miss Blork the orc with your +1 long sword.
Blork the orc gestures wildly while chanting.
Blork the orc seems to speed up. 😮 HP[-3]
You take 3 damage, and now have 32/44 hp.
You hit Blork the orc but do no damage.
You closely miss Blork the orc with your +1 long sword.
Blork the orc hits you with a +0 halberd! 😮 HP[-8]
You take 8 damage, and now have 24/44 hp.
Unknown command.
You hit Blork the orc with your +1 long sword.
You closely miss Blork the orc with your +0 dagger.
Blork the orc casts a spell at you. The puff of frost hits you!
* * * LOW HITPOINT WARNING * * *
Blork the orc closely misses you. 😨 HP[-9]
You take 9 damage, and now have 15/44 hp.
MASSIVE DAMAGE!! (PAUSE)
You hit Blork the orc but do no damage.
You hit Blork the orc with your +0 dagger.
Blork the orc closely misses you. 😨 HP[+1]
You hit Blork the orc with your +0 dagger.
You hit Blork the orc with your +1 long sword.
Blork the orc hits you with a +0 halberd!
* * * LOW HITPOINT WARNING * * *
Blork the orc closely misses you. 😱 HP[-15]
You take 15 damage, and now have 1/44 hp.
MASSIVE DAMAGE!! (PAUSE)
You closely miss Blork the orc with your +1 long sword.
You barely miss Blork the orc with your +0 dagger.
Blork the orc closely misses you.
It was a potion of lignification.
You turn into a tree.
Your +1 hat melds into your body.
Your +0 leather armour melds into your body.
Your roots penetrate the ground.
Blork the orc hits you with a +0 halberd.
You die...

Skill      XL: |  1  2  3  4  5 |
---------------+----------------+-----
Long Blades    | 4 5 6 |  6.8
Fighting       | |  2.0
Throwing       | |  1.7
Dodging        | |  2.6

Action                     |  1- 3 |  4- 6 || total
---------------------------+-------+-------++-------
  Melee: Dagger            |    40 |    70 ||   110
         Long sword        |    38 |    78 ||   116
    Use: Scroll            |     2 |     6 ||     8
         Potion            |       |     2 ||     2
   Stab: Sleeping          |     3 |       ||     3
 Armour: Leather armour    |    16 |    42 ||    58
         Skin              |       |     1 ||     1
  Dodge: Dodged            |    26 |    64 ||    90

Levels and vault maps discovered:
D:1:      lightli_arrival_isolated_outpost, layout_loops_ring,
          chequers_ecumenical_altar_simple
D:2:      layout_loops_ring, minmay_indecisive_spiral, uniq_natasha
D:3:      layout_loops_cross
D:4:      minmay_evil_eye, layout_basic, serial_shops, nicolae_diamond_shop,
          uniq_pargi, uniq_blork_the_orc

Notes
Turn   | Place    | Note
-------+----------+-------------------------------------------
     0 | D:1      | kae the Coglin Gladiator began the quest for the Orb.
     0 | D:1      | Reached XP level 1. HP: 16/16 MP: 1/1
     0 | D:1      | magus.rc [v1.11.3]
   287 | D:1      | Found a faded altar of an unknown god.
   336 | D:1      | Reached XP level 2. HP: 22/22 MP: 2/2
   687 | D:2      | Identified the +9 sling "Orphiyxot" {drain, Str+4 Int-4
                  | Dex+3}
   725 | D:2      | Noticed Natasha
   728 | D:2      | Killed Natasha
   729 | D:2      | Reached skill level 4 in Long Blades
   729 | D:2      | Reached XP level 3. HP: 27/27 MP: 3/3
   943 | D:2      | Noticed Natasha
   944 | D:2      | Reached XP level 4. HP: 28/33 MP: 4/4
   950 | D:2      | Killed Natasha
   951 | D:2      | Reached skill level 5 in Long Blades
  1205 | D:2      | Noticed Natasha
  1216 | D:2      | HP: 6/33 [Natasha (7)]
  1217 | D:2      | Killed Natasha
  1532 | D:3      | Reached XP level 5. HP: 38/38 MP: 5/5
  1695 | D:3      | Reached skill level 6 in Long Blades
  2025 | D:4      | Noticed an ogre
  2032 | D:4      | Killed an ogre
  2033 | D:4      | Reached XP level 6. HP: 31/44 MP: 6/6
  2181 | D:4      | Found Mybapoekk's Assorted Antiques.
  2185 | D:4      | Noticed Blork the orc
  2194 | D:4      | HP: 1/44 [Blork the orc/+0 halberd (15)]
  2196 | D:4      | Slain by Blork the orc

Vanquished Creatures
  An ogre (D:4)
  A bombardier beetle (D:3)
  An iguana (D:4)
  Natasha (thrice) (D:2)
  2 adders
  A dart slug (D:2)
  6 ball pythons
  6 bats
  3 endoplasms
  2 giant cockroaches (D:1)
  5 hobgoblins
  5 quokkas
  3 frilled lizards
  2 goblins
  2 kobolds
  6 rats
49 creatures vanquished.

Table legend:
 A = Non-vault XP
 B = Vault XP
 C = Vault XP percentage of total XP
 D = Non-vault monster count
 E = Vault monster count
 F = Vault count percentage of total count
                 A         B        C        D         E       F
            +---------+---------+-------+---------+---------+-------
      Total |     353 |      43 |  10.9 |      44 |       5 |  10.2
            +---------+---------+-------+---------+---------+-------
        D:1 |      22 |       0 |   0.0 |      14 |       0 |   0.0
        D:2 |      91 |      43 |  32.1 |       7 |       5 |  41.7
        D:3 |      87 |       0 |   0.0 |      21 |       0 |   0.0
        D:4 |     153 |       0 |   0.0 |       2 |       0 |   0.0
            +---------+---------+-------+---------+---------+-------

Skill      XL: |  1  2  3  4  5 |
---------------+----------------+-----
Long Blades    | 4 5 6 |  6.8
Fighting       | |  2.0
Throwing       | |  1.7
Dodging        | |  2.6

Action                     |  1- 3 |  4- 6 || total
---------------------------+-------+-------++-------
  Melee: Dagger            |    40 |    70 ||   110
         Long sword        |    38 |    78 ||   116
    Use: Scroll            |     2 |     6 ||     8
         Potion            |       |     2 ||     2
   Stab: Sleeping          |     3 |       ||     3
 Armour: Leather armour    |    16 |    42 ||    58
         Skin              |       |     1 ||     1
  Dodge: Dodged            |    26 |    64 ||    90

Illustrated notes

Table legend:
 A = Kills in this place as a percentage of kills in the entire game.
 B = Kills by you in this place as a percentage of kills by you in the entire game.
 C = Kills by friends in this place as a percentage of kills by friends in the entire game.
 D = Other kills in this place as a percentage of other kills in the entire game.
 E = Experience gained in this place as a percentage of experience gained in the entire game.
 F = Experience gained in this place divided by the number of levels of this place that you have seen.
                   A       B       C       D       E      F
               +-------+-------+-------+-------+-------+----------------------
         Total | 100.0 | 100.0 |   N/A |   N/A | 100.0 |  99.0
       Dungeon | 100.0 | 100.0 |   N/A |   N/A | 100.0 |  99.0
               +-------+-------+-------+-------+-------+----------------------

Table legend: (Time is in decaauts)
 A = Elapsed time spent in this place.
 B = Non-inter-level travel time spent in this place.
 C = Inter-level travel time spent in this place.
 D = Time resting spent in this place.
 E = Time spent auto-exploring this place.
 F = Levels seen in this place.
 G = Mean time per level.
                   A        B        C        D        E       F      G
               +--------+--------+--------+--------+--------+-----+--------+
         Total |   2207 |   2115 |     92 |      0 |   1792 |   4 |  551.8 |
       Dungeon |   2207 |   2115 |     92 |      0 |   1792 |   4 |  551.8 |
               +--------+--------+--------+--------+--------+-----+--------+

Top non-repeatable levels by time:
     D:2: 753 daAuts
     D:3: 644 daAuts
     D:1: 635 daAuts
     D:4: 174 daAuts
